 Dungeon Crawl Stone Soup version 0.22-a0-460-g49b1da7 (webtiles) character file.

315 iamserjio the Poker (level 6, 0/48 HPs)
             Began as a Merfolk Gladiator on June 9, 2018.
             Slain by a centaur (4 damage)
             ... on level 4 of the Dungeon.
             The game lasted 00:08:18 (3777 turns).

iamserjio the Poker (Merfolk Gladiator)             Turns: 3777, Time: 00:08:19

Health: 0/48       AC: 11    Str: 15    XL:     6   Next: 44%
Magic:  6/6        EV: 11    Int:  8    God:
Gold:   161        SH:  3    Dex: 16    Spells: 5/5 levels left

rFire    . . .     SeeInvis .   a - +0 trident
rCold    + . .     Gourm    .   l - +0 buckler
rNeg     . . .     Faith    .   x - +0 scale mail
rPois    .         Spirit   .   c - +0 helmet
rElec    .         Reflect  .   (no cloak)
rCorr    .         Harm     .   (no gloves)
MR       .....                  (no boots)
Stlth    ..........             (no amulet)
HPRegen  0.16/turn              v - ring of protection from cold
MPRegen  0.10/turn              F - +4 ring of protection

@: no status effects
A: change form in water, swift swim, stealthy swim
a: no special abilities


You were on level 4 of the Dungeon.
You were very hungry.

You visited 1 branch of the dungeon, and saw 5 of its levels.

You collected 161 gold pieces.

Inventory:

Hand Weapons
 a - a +0 trident (weapon)
Missiles
 d - 4 throwing nets (quivered)
 s - 2 javelins of penetration
 z - 4 javelins
 H - 3 tomahawks
Armour
 c - a +0 helmet (worn)
 l - a +0 buckler (worn)
 o - a +0 chain mail
 x - a +0 scale mail (worn)
 G - a +0 plate armour
Jewellery
 h - an uncursed amulet of guardian spirit {unknown}
 k - an uncursed ring of fire
 v - a ring of protection from cold (left hand)
 A - an uncursed ring of stealth
 F - a +4 ring of protection (right hand)
Scrolls
 i - a scroll of fear
 j - a scroll of remove curse
 m - 2 scrolls of teleportation
 q - 2 scrolls of magic mapping
 t - a scroll of blinking {unknown}
 B - a scroll of enchant armour {unknown}
 C - a scroll of fog {unknown}
Potions
 g - 5 potions of flight {unknown}
 n - 2 potions of heal wounds {unknown}
 p - 2 potions of haste {unknown}
 r - a potion of agility {unknown}
 E - a potion of berserk rage {unknown}
Comestibles
 f - 11 rations


   Skills:
 + Level 3.8 Fighting
 * Level 7.4 Polearms
 - Level 2.0 Throwing
 + Level 1.5 Armour
 + Level 5.5 Dodging


You had 5 spell levels left.
You didn't know any spells.
Your spell library was empty.

Dungeon Overview and Level Annotations

Branches:
Dungeon (5/15)
 Temple: D:4-7

Altars:
Ashenzari
Hepliaklqana
Makhleb
Sif Muna
Trog
Vehumet
Wu Jian
Xom
Yredelemnul
Zin


Message History

You hit the yak but do no damage. The yak barely misses you.
You hit the yak but do no damage. The yak closely misses you.
You puncture the yak!
The yak is lightly wounded.
The yak gores you!
You hit the yak but do no damage.
The yak is lightly wounded.
You are feeling very hungry.
The yak gores you!
* * * LOW HITPOINT WARNING * * *
You hit the yak.
The yak is moderately wounded.
The yak closely misses you.
The centaur shoots an arrow.
The arrow barely misses you.
You see here an arrow.
The centaur shoots an arrow.
The arrow hits you!
* * * LOW HITPOINT WARNING * * *
The centaur unwields an uncursed shortbow.
The centaur hits you.
You die...

############# #.(.........#
#>##....###.# #.##c##.# #.#
#.##.##.# #.# #######
#######.##.##.# #)# #......
#.............###.###.####.
#######.#####.###c..).......#####
..........# #.Y.@.......#........
#########.# #####..######.#######
###### #.# #..#####.#.######
.....# #.# #.......###......
####.# #.# #.######.#.######
####.# #.# #.# #.....# ...(.# #.#
##.## #.....######
####.####.######...###...........
####.......................######


You could see a yak and a centaur.

Vanquished Creatures
  An ogre (D:4)
  The ghost of wazuzu the Magician, a weakling GnWn (D:4)
  A howler monkey (D:2)
  A hound (D:4)
  An orc wizard (D:4)
  A hound skeleton (D:4)
  4 adders (D:4)
  A shadow imp (D:4)
  An ooze (D:1)
  A leopard gecko (D:2)
  3 orcs (D:4)
  5 giant cockroaches
  3 goblins
  2 hobgoblins
  3 jackals (D:1)
  3 kobolds
  4 bats
  3 frilled lizards
  2 rats (D:2)
41 creatures vanquished.

Vanquished Creatures (others)
  A goblin (D:1)
1 creature vanquished.

Grand Total: 42 creatures vanquished

Notes
Turn   | Place    | Note
-------+----------+-------------------------------------------
     0 | D:1      | iamserjio the Merfolk Gladiator began the quest for the Orb.
     0 | D:1      | Reached XP level 1. HP: 16/16 MP: 1/1
   509 | D:1      | Reached XP level 2. HP: 23/23 MP: 2/2
   525 | D:1      | Reached skill level 5 in Polearms
  1362 | D:2      | Reached XP level 3. HP: 28/28 MP: 3/3
  1399 | D:2      | Found a deep blue altar of Sif Muna.
  1399 | D:2      | Found a shattered altar of Ashenzari.
  1399 | D:2      | Found a burning altar of Makhleb.
  1399 | D:2      | Found a basalt altar of Yredelemnul.
  1411 | D:2      | Found a glowing silver altar of Zin.
  1415 | D:2      | Found a radiant altar of Vehumet.
  1471 | D:2      | You fall through a shaft for 2 floors!
  1674 | D:3      | HP: 1/28 [howler monkey (6)]
  1982 | D:2      | Reached XP level 4. HP: 30/35 MP: 4/4
  2046 | D:3      | Found an ornate altar of the Wu Jian Council.
  2397 | D:4      | Reached skill level 6 in Polearms
  2549 | D:4      | Found a white marble altar of Elyvilon.
  2551 | D:4      | Found a bloodstained altar of Trog.
  2551 | D:4      | Found a hazy altar of Hepliaklqana.
  2553 | D:4      | Found a bloodstained altar of Trog.
  2553 | D:4      | Found a shimmering altar of Xom.
  2553 | D:4      | Found an ornate altar of the Wu Jian Council.
  2698 | D:4      | Noticed wazuzu's ghost (weakling GnWn)
  2728 | D:4      | Killed wazuzu's ghost
  2728 | D:4      | Reached skill level 5 in Dodging
  2728 | D:4      | Reached XP level 5. HP: 14/41 MP: 5/5
  2747 | D:4      | Reached skill level 1 in Armour
  3262 | D:4      | Reached XP level 6. HP: 47/47 MP: 6/6
  3275 | D:4      | Reached skill level 7 in Polearms
  3583 | D:5      | Entered Level 5 of the Dungeon
  3590 | D:5      | Noticed a yak
  3590 | D:5      | Noticed a yak
  3590 | D:5      | Noticed a yak
  3590 | D:5      | Noticed a yak
  3593 | D:5      | Noticed a yak
  3734 | D:5      | Noticed a phantom
  3777 | D:4      | Slain by a centaur

Vault maps used:
D:1:      scummos_arrival_forest, lemuel_old_faithful
D:2:      minmay_overflow_temple_hex, minmay_misc_feat_ornament
D:3:      nicolae_overflow_crystal_walls
D:4:      doesnt_xom_only_xom, first_ration, kennysheep_generic_room_14

Skill      XL: |  1  2  3  4  5  6 |
---------------+-------------------+-----
Polearms       | 5 6 7 |  7.4
Fighting       | 3 |  3.8
Dodging        | 5 |  5.5
Armour         | 1 |  1.5
Throwing       | |  2.0

Action                   |  1- 3 |  4- 6 || total
-------------------------+-------+-------++-------
Melee: Trident           |    80 |   125 ||   205
  Use: Potion            |     1 |       ||     1
       Scroll            |       |     6 ||     6
 Stab: Sleeping          |     1 |       ||     1
  Eat: Chunk             |     2 |     6 ||     8
Armor: Leather armour    |    11 |       ||    11
       Scale mail        |     1 |    45 ||    46
Dodge: Dodged            |    56 |    55 ||   111
Block: Buckler           |     6 |    22 ||    28

Table legend:
 A = Spawn XP
 B = Non-spawn XP
 C = Spawn XP percentage of total XP
 D = Spawn monster count
 E = Non-spawn monster count
 F = Spawn count percentage of total count
 G = Total turns spent on level
                    A         B        C        D         E        F      G
               +---------+---------+-------+---------+---------+-------+---------
         Total |       0 |     451 |   0.0 |       0 |      41 |   0.0 |  3777
               +---------+---------+-------+---------+---------+-------+---------
           D:1 |       0 |      18 |   0.0 |       0 |       7 |   0.0 |   845
           D:2 |       0 |      72 |   0.0 |       0 |      13 |   0.0 |  1019
           D:3 |       0 |       7 |   0.0 |       0 |       4 |   0.0 |   451
           D:4 |       0 |     354 |   0.0 |       0 |      17 |   0.0 |  1424
               +---------+---------+-------+---------+---------+-------+---------
